 Dungeon Crawl Stone Soup version 0.27.1-33-g824d729ab1 (webtiles) character file.

Game seed: 18011479834838620833

158 halfoni the Chopper (level 5, -3/42 HPs)
             Began as a Human Berserker on Dec 18, 2021.
             Was a Follower of Trog.
             Slain by Sigmund (4 damage)
             ... on level 3 of the Dungeon.
             The game lasted 00:04:48 (3955 turns).

halfoni the Chopper (Human Berserker)               Turns: 3955, Time: 00:04:51

Health: -3/42      AC: 14    Str: 19    XL:     5   Next: 67%
Magic:  5/5        EV:  8    Int: 10    God:    Trog [*.....]
Gold:   134        SH:  0    Dex: 12    Spells: 4/4 levels left

rFire    . . .     SeeInvis .   m - +0 war axe
rCold    . . .     Faith    .   (no shield)
rNeg     . . .     Spirit   .   f - +0 chain mail
rPois    .         Reflect  .   i - +2 helmet {Int+3}
rElec    .         Harm     .   g - +1 cloak
rCorr    .         Rampage  .   (no gloves)
Will     .....                  (no boots)
Stlth    ..........             (no amulet)
HPRegen  0.14/turn              (no ring)
MPRegen  0.09/turn              (no ring)

@: on berserk cooldown, slowed, very slow
A: no striking features
a: Renounce Religion, Berserk


You were on level 3 of the Dungeon.
You worshipped Trog.
Trog was aware of your devotion.
You visited 1 branch of the dungeon, and saw 3 of its levels.

You collected 134 gold pieces.

Inventory:

Hand Weapons
 c - a +3 quarterstaff of chaos
 j - a +1 flail of holy wrath
 m - a +0 war axe (weapon)
Armour
 f - a +0 chain mail (worn)
 g - a +1 cloak (worn)
 i - a +2 helmet of intelligence (worn)
Scrolls
 b - a scroll of identify {unknown}
 e - a scroll of torment {unknown}
Potions
 d - a potion of cancellation {unknown}
 h - a potion of brilliance {unknown}
 k - a potion of curing {unknown}
 l - a potion of flight {unknown}


   Skills:
 + Level 3.9 Fighting
 + Level 4.4 Axes
 + Level 2.8 Armour
 + Level 2.6 Dodging
 - Level 1.0 Stealth


You had 4 spell levels left.
You didn't know any spells.
Your spell library was empty.

Dungeon Overview and Level Annotations

Branches:
Dungeon (3/15)

Altars:

Annotations:
D:3 Sigmund


Message History

You hear some strange, mumbled words.
A magic dart appears from out of thin air!
The magic dart hits you but does no damage.
You're too confused to move!
Something hits you but does no damage.
You miss something.
You are no longer berserk.
You are exhausted.
You feel yourself slow down.
You bump into the rock wall.
Something hits you but does no damage.
You closely miss something.
You hear some strange, mumbled words.
A magic dart appears from out of thin air!
The magic dart hits you. Something hits you!
You feel less confused. Something hits you but does no damage.
A magic dart appears from out of thin air!
The magic dart hits you!
A magic dart appears from out of thin air!
The magic dart hits you.
A magic dart appears from out of thin air!
The magic dart hits you.
* * * LOW HITPOINT WARNING * * *
A magic dart appears from out of thin air!
The magic dart hits you.
* * * LOW HITPOINT WARNING * * *
A magic dart appears from out of thin air!
The magic dart hits you but does no damage.
Something hits you but does no damage.
A magic dart appears from out of thin air!
The magic dart hits you but does no damage.
Something hits you but does no damage.
You hear some strange, mumbled words.
Something tries to affect you, but you resist.
You hit something.
You hear some strange, mumbled words.
A puff of flame appears from out of thin air!
The puff of flame hits you!
* * * LOW HITPOINT WARNING * * *
Something hits you.
You die...

#.# #... ... #.#
##.. .). #.# ###
.... ###.#
(...###..†#
..........######
#+#.#...........
#####.#.#.#...######
#.{@.......####
#.##.......#
#.#####.##.#
#...{......#
#######.#### #.# ..#
##.# ###


There were no monsters in sight!

Vanquished Creatures
  Crazy Yiuf (D:2)
  A hound (D:3)
  Robin (D:3)
  2 adders (D:2)
  A worm (D:2)
  A dart slug (D:1)
  3 orcs (D:3)
  4 endoplasms
  2 giant cockroaches (D:1)
  13 goblins
  6 hobgoblins
  4 jackals (D:1)
  2 kobolds
  4 ball pythons
  5 bats
  5 frilled lizards
  2 rats (D:2)
57 creatures vanquished.

Notes
Turn   | Place    | Note
-------+----------+-------------------------------------------
     0 | D:1      | halfoni the Human Berserker began the quest for the Orb.
     0 | D:1      | Reached XP level 1. HP: 18/18 MP: 1/1
   419 | D:1      | Reached XP level 2. HP: 17/24 MP: 2/2
  1208 | D:1      | Reached XP level 3. HP: 29/29 MP: 3/3
  1680 | D:2      | Reached XP level 4. HP: 23/35 MP: 4/4
  2020 | D:2      | Reached skill level 1 in Stealth
  2409 | D:2      | Found a runed translucent door.
  2410 | D:2      | Noticed Crazy Yiuf
  2732 | D:2      | Killed Crazy Yiuf
  3191 | D:3      | Reached skill level 4 in Axes
  3191 | D:3      | Reached XP level 5. HP: 42/42 MP: 5/5
  3333 | D:3      | Noticed Robin
  3355 | D:3      | Killed Robin
  3922 | D:3      | Noticed Sigmund
  3955 | D:3      | HP: 1/42 [something/puff of flame (7)]
  3955 | D:3      | Slain by Sigmund

Illustrated notes

Levels and vault maps discovered:
D:1:      eino_arrival_druids_welcome, layout_rooms
D:2:      kennysheep_big_flooded_room, layout_loops_ring, nrook_mini_backslash,
          uniq_crazy_yiuf_cottage
D:3:      layout_basic, amcnicky_altar_gilded, uniq_sigmund, uniq_robin,
          uniq_ijyb

Skill      XL: |  1  2  3  4 |
---------------+-------------+-----
Stealth        | 1 |  1.0
Axes           | 4 |  4.4
Fighting       | |  3.9
Armour         | |  2.8
Dodging        | |  2.6

Action                   |  1- 3 |  4- 6 || total
-------------------------+-------+-------++-------
Melee: Hand axe          |    61 |    81 ||   142
       War axe           |       |    28 ||    28
Invok: Berserk           |     3 |     6 ||     9
 Stab: Sleeping          |     2 |       ||     2
Armor: Animal skin       |     6 |       ||     6
       Leather armour    |     7 |     2 ||     9
       Chain mail        |       |    62 ||    62
Dodge: Dodged            |    48 |    46 ||    94
